 Dungeon Crawl Stone Soup version 0.28.0-49-g6dfe1f597d (webtiles) character file.

Game seed: 18419821842278041006

62 Exodus22XD the Covered (level 3, -1/33 HPs)
             Began as a Minotaur Fighter on May 20, 2022.
             Slain by a chaos spawn (6 damage)
             ... summoned by Xom
             ... on level 2 of the Dungeon.
             The game lasted 00:01:23 (1588 turns).

Exodus22XD the Covered (Minotaur Fighter)           Turns: 1588, Time: 00:01:24

Health: -1/33      AC:  7    Str: 22      XL:     3   Next: 85%
Magic:  2/2        EV:  9    Int:  5      God:
Gold:   70         SH:  4    Dex:  8 (9)  Spells: 2/2 levels left

rFire   . . .      SeeInvis .   a - +0 war axe
rCold   . . .      Faith    .   c - +0 buckler
rNeg    . . .      Spirit   .   b - +0 scale mail
rPois   .          Reflect  .   (helmet restricted)
rElec   .          Harm     .   (no cloak)
rCorr   .          Rampage  .   (no gloves)
Will    .....                   (no boots)
Stlth   ..........              (no amulet)
HPRegen 0.11/turn               (no ring)
MPRegen 0.08/turn               (no ring)

@: no status effects
A: horns 2, retaliatory headbutt, deterioration 1
a: no special abilities


You were on level 2 of the Dungeon.
You visited 1 branch of the dungeon, and saw 2 of its levels.

You collected 70 gold pieces.

Inventory:

Hand Weapons
 a - a +0 war axe (weapon)
 f - a +2 vorpal mace
Armour
 b - a +0 scale mail (worn)
 c - a +0 buckler (worn)
Jewellery
 j - a +4 ring of protection
Scrolls
 e - a scroll of magic mapping {unknown}
 g - 2 scrolls of identify {unknown}
Potions
 d - a potion of might
 h - a potion of mutation {unknown}
 i - a potion of flight {unknown}


   Skills:
 + Level 4.2 Fighting
 + Level 3.4 Axes
 + Level 4.3 Armour
 + Level 4.1 Shields


You had 2 spell levels left.
You didn't know any spells.
Your spell library was empty.

Dungeon Overview and Level Annotations

Branches:
Dungeon (2/15)

Altars:
Xom


Innate Abilities, Weirdness & Mutations

You have a pair of horns on your head.
You reflexively headbutt those who attack you in melee.
Your body sometimes deteriorates upon taking damage.


Message History

No target in view!
Done exploring.
No target in view!
Done exploring.
No target in view!
Done exploring.
No target in view!
You hear Xom's maniacal laughter.
You closely miss the shadow imp. You closely miss the chaos spawn.
You hit the quasit but do no damage. You barely miss the shadow imp.
You hit the ufetubus.
You kill the ufetubus!
The ufetubus disappears in a puff of smoke!
You barely miss the white imp. You barely miss the crimson imp.
You hit the shadow imp.
The shadow imp is moderately wounded.
You closely miss the chaos spawn. You barely miss the quasit.
You closely miss the shadow imp. You hit the white imp but do no damage.
You closely miss the crimson imp.
The quasit bites you but does no damage.
The quasit claws you but does no damage.
The quasit claws you.
The crimson imp blinks!
The orange demon stings you but does no damage.
You block the chaos spawn's attack. The white imp gestures at you.
The puff of frost hits you. The shadow imp hits you.
The crimson imp hits you but does no damage.
The quasit bites you but does no damage.
The quasit misses you. You block the quasit's attack.
You block the orange demon's attack. x2; The shadow imp hits you.
The chaos spawn gores you.
You hit the shadow imp. Your headbutt misses the shadow imp.
The shadow imp is severely wounded.
You closely miss the orange demon. You hit the ynoxinul.
You barely miss the shadow imp. x2
You hit the chaos spawn but do no damage.
You barely miss the chaos spawn. The chaos spawn gores you!
* * * LOW HITPOINT WARNING * * *
You are engulfed in flames.
You die...

##### #...# ##
#.#.#############
.##########.....555.......#
.#.....).####.5554#.###+###
....##.#......53@4.....>..#
......#..####..4.5.#......#
....####.####......#......#
....#..#....#......#......#
...###......#......#......#
............#......########
............#5####.#
............#....#.##
............#.......#


You could see an orange demon (summoned), a ynoxinul (summoned), 2 chaos spawn,
a quasit (summoned), 2 crimson imps, 2 white imps, 3 shadow imps and an ufetubus
(summoned).

Vanquished Creatures
  2 adders (D:2)
  A worm (D:2)
  3 dart slugs
  4 ball pythons
  2 endoplasms (D:1)
  3 giant cockroaches
  5 goblins
  3 hobgoblins (D:1)
  2 kobolds (D:1)
  2 quokkas
  2 bats (D:1)
  2 frilled lizards
  2 rats (D:1)
33 creatures vanquished.

Notes
Turn   | Place    | Note
-------+----------+-------------------------------------------
     0 | D:1      | Exodus22XD the Minotaur Fighter began the quest for the
                  | Orb.
     0 | D:1      | Reached XP level 1. HP: 19/19 MP: 0/0
   313 | D:1      | Reached XP level 2. HP: 21/27 MP: 1/1
   489 | D:1      | Found a faded altar of an unknown god.
   524 | D:1      | Prayed at the altar of an unknown god.
   524 | D:1      | Became a worshipper of Xom of Chaos
   525 | D:1      | Fell from the grace of Xom
   856 | D:2      | Reached XP level 3. HP: 16/33 MP: 2/2
   899 | D:2      | XOM: give mutation
   899 | D:2      | Gained mutation: Your body sometimes deteriorates upon
                  | taking damage. [Xom's mischief]
  1584 | D:2      | XOM: summons 14 hostile demons
  1585 | D:2      | Noticed an orange demon
  1585 | D:2      | Noticed a chaos spawn
  1585 | D:2      | Noticed a ynoxinul
  1585 | D:2      | Noticed a chaos spawn
  1588 | D:2      | Slain by a chaos spawn

Illustrated notes

Levels and vault maps discovered:
D:1:      dpeg_arrival_simpleton_b, layout_loops_ring,
          ebering_ecumenical_altar_hall
D:2:      layout_basic, st_stairs_12, minmay_misc_feat_square

Skill      XL: |  1  2  3 |
---------------+----------+-----
Fighting       | 4 |  4.2
Armour         | 4 |  4.3
Shields        | 4 |  4.1
Axes           | 3 |  3.4

Action                   || total
-------------------------++-------
Melee: War axe           ||    82
       Headbutt          ||     8
Invok: Renounce Religion ||     1
Armor: Scale mail        ||    39
Dodge: Dodged            ||    34
Block: Buckler           ||    24
